 Dungeon Crawl Stone Soup version 0.19.1 (webtiles) character file.

2450 Milesaru the Covert (level 9, -4/68 HPs)
             Began as a Vampire Assassin on Nov 29, 2016.
             Was an Initiate of Sif Muna.
             Slain by an orc warrior
             ... wielding a +0 glaive
              (22 damage)
             ... on level 6 of the Dungeon.
             The game lasted 00:24:13 (7133 turns).

Milesaru the Covert (Vampire Assassin)              Turns: 7133, Time: 00:24:15

Health: -4/68      AC:  7    Str: 10    XL:     9   Next: 25%
Magic:  9/9        EV: 16    Int: 16    God:    Sif Muna [......]
Gold:   355        SH:  0    Dex: 19    Spells: 0 memorised, 8 levels left

rFire  . . .     SeeInvis +     t - +0 dagger (elec)
rCold  + + .     Gourm    .     n - +2 leather armour {rN+}
rNeg   + + +     Faith    +     (no shield)
rPois  ∞         Spirit   .     j - +0 helmet
rElec  .         Reflect  .     l - +0 cloak
rCorr  .         Harm     .     (no gloves)
MR     .....                    (no boots)
Stlth  ++++++++..               m - amulet of faith
                                v - +3 ring of intelligence
                                k - ring of stealth

@: bloodless, non-regenerating
A: fangs 3, see invisible, berserk 1, unbreathing
a: Bat Form, Renounce Religion


You were on level 6 of the Dungeon.
You worshipped Sif Muna.
Sif Muna was noncommittal.
You were bloodless.

You visited 1 branch of the dungeon, and saw 6 of its levels.
You also visited: Ossuary.

You collected 355 gold pieces.

Inventory:

Hand Weapons
 a - a +2 dagger
 b - a +0 blowgun
 t - a +0 dagger of electrocution (weapon)
 D - a +0 rapier
 H - a +1 dagger of venom
Missiles
 e - 43 poisoned needles
 f - 2 curare-tipped needles
Armour
 c - a +0 robe
 j - a +0 helmet (worn)
 l - a +0 cloak (worn)
 n - a +2 leather armour of positive energy (worn)
Jewellery
 k - a ring of stealth (left hand)
 m - an amulet of faith (around neck)
 v - a +3 ring of intelligence (right hand)
 w - an uncursed ring of resist corrosion
 C - an uncursed ring of protection from cold {unknown}
 L - an uncursed ring of see invisible {unknown}
Wands
 J - a wand of polymorph (12/24)
 K - a wand of enslavement (9/24)
Scrolls
 d - a scroll of enchant weapon {unknown}
 h - a scroll of blinking
 q - 3 scrolls of remove curse
 r - 4 scrolls of teleportation
 x - a scroll of random uselessness {unknown}
 y - a scroll of identify
 E - 3 scrolls of fear {unknown}
Potions
 g - a potion of lignification {unknown}
 i - 11 potions of blood
 o - 2 potions of heal wounds {unknown}
 p - 2 potions of agility {unknown}
 s - 2 potions of flight {unknown}
 u - 2 potions of berserk rage
 z - 4 potions of curing {unknown}
 A - a potion of brilliance {unknown}
 B - a potion of cancellation {unknown}
 I - a potion of ambrosia {unknown}
Books
 F - a book of Misfortune

   Spells                             Type                      Level
   a - Confusing Touch                Hexes                        1
   b - Confuse                        Hexes                        3
   c - Gell's Gravitas                Hexes/Translocation          3
   d - Petrify                        Transmutation/Earth          4
   e - Metabolic Englaciation         Hexes/Ice                    5
   f - Yara's Violent Unravelling     Hexes/Transmutation          5
 G - a book of Debilitation

   Spells                             Type                      Level
   a - Corona                         Hexes                        1
   b - Slow                           Hexes                        2
   c - Gell's Gravitas                Hexes/Translocation          3
   d - Inner Flame                    Hexes/Fire                   3
   e - Cause Fear                     Hexes                        4
   f - Leda's Liquefaction            Hexes/Earth                  4


   Skills:
 + Level 5.4 Fighting
 * Level 8.9 Short Blades
 - Level 1.5 Throwing
 + Level 6.2 Dodging
 + Level 10.3 Stealth


You had 8 spell levels left.
You didn't know any spells.

Dungeon Overview and Level Annotations

Branches:
Dungeon (6/15)             Temple (0/1) D:6

Altars:
Elyvilon
Makhleb
Sif Muna
Trog
Zin

Shops:
D:4 }


Innate Abilities, Weirdness & Mutations

You do not heal naturally.
You are immune to poison.
You have razor-sharp teeth.
You have supernaturally acute eyesight. (SInv)
You can survive without breathing.
You tend to lose your temper in combat.


Message History

The orc warrior is lightly wounded.
The worker ant waves its antennae.
The orc wizard barely misses you.
You closely miss the orc warrior.
The orc warrior is lightly wounded.
You hit the orc warrior but do no damage.
There is a sudden explosion of sparks!
You bite the orc warrior, but do no damage.
The orc warrior is heavily wounded.
The orc warrior barely misses you.
The orc wizard hits you but does no damage.
You hit the orc wizard.
The orc wizard is lightly wounded.
You hit the orc wizard but do no damage.
The orc wizard is lightly wounded.
The orc warrior hits you with a glaive!!
* * * LOW HITPOINT WARNING * * *
The orc wizard barely misses you.
The orc warrior hits you from afar with a glaive!!
You die...

#'## #.# #..# #.#
##.# #.# #.###.#
#oo##.# ##a##.#
#.o#.# ##o#.# #(@.#
##..###
#######.>..#
#........#(#####
####+###.....†.)..#
#........##..####.#
#........#....).# #
#........#......#
#........#.#.#..#


You could see an orc warrior, a worker ant, 2 orc wizards and an orc.

Vanquished Creatures
  Grinder (D:3)
  Sigmund (D:3)
  2 sky beasts (D:6)
  2 phantoms
  2 ogres (D:4)
  2 centaurs
  2 bullfrogs
  2 scorpions
  A howler monkey (D:4)
  2 crimson imps
  5 bullfrog zombies
  3 hounds
  An orc priest (D:5)
  2 centaur zombies (Ossuary)
  2 orc wizards (D:5)
  A bullfrog skeleton (D:5)
  2 iguanas (D:5)
  3 worker ants
  A killer bee zombie (Ossuary)
  A hound zombie (Ossuary)
  16 mummies (Ossuary)
  3 howler monkey zombies (Ossuary)
  2 worker ant zombies
  2 gnolls
  4 adders
  A shadow imp (D:6)
  2 oozes (D:3)
  2 adder zombies (Ossuary)
  An adder skeleton (D:6)
  3 dart slugs
  4 worms
  6 leopard geckos
  7 orcs (D:5)
  7 giant cockroaches
  7 goblins
  3 hobgoblins
  6 quokkas
  15 bats
  4 frilled lizards
  2 giant cockroach zombies (Ossuary)
  A jackal zombie (Ossuary)
  5 kobolds
  A leopard gecko skeleton (D:4)
  7 rats
149 creatures vanquished.

Vanquished Creatures (others)
  A withered plant (Ossuary)
1 creature vanquished.

Grand Total: 150 creatures vanquished

Notes
Turn   | Place    | Note
-------+----------+-------------------------------------------
     0 | D:1      | Milesaru the Vampire Assassin began the quest for the Orb.
     0 | D:1      | Reached XP level 1. HP: 16/16 MP: 1/1
   172 | D:1      | Reached XP level 2. HP: 17/22 MP: 2/2
   251 | D:1      | Reached skill level 6 in Stealth
   649 | D:1      | Reached XP level 3. HP: 27/27 MP: 3/3
   926 | D:2      | Noticed a scorpion
  1727 | D:2      | Found a deep blue altar of Sif Muna.
  1839 | D:2      | Became a worshipper of Sif Muna the Loreminder
  1908 | D:2      | Killed a scorpion
  1908 | D:2      | Reached XP level 4. HP: 7/34 MP: 4/4
  1913 | D:2      | Gained mutation: Your muscles are strong. (Str +2) [potion of mutation]
  1913 | D:2      | Gained mutation: You tend to lose your temper in combat. [potion of mutation]
  1913 | D:2      | Lost mutation: Your muscles are strong. (Str +2) [potion of mutation]
  2314 | D:3      | Noticed Grinder
  2320 | D:3      | Killed Grinder
  2320 | D:3      | Reached skill level 7 in Stealth
  2320 | D:3      | Reached XP level 5. HP: 33/41 MP: 5/5
  2320 | D:3      | Reached XP level 6. HP: 38/47 MP: 6/6
  2345 | D:3      | Found a white marble altar of Elyvilon.
  2401 | D:3      | Noticed Sigmund
  2417 | D:3      | Killed Sigmund
  2417 | D:3      | Reached skill level 5 in Short Blades
  2715 | D:3      | Reached XP level 7. HP: 36/52 MP: 7/7
  3306 | D:4      | Found a sand-covered staircase.
  3312 | Ossuary  | Entered an ossuary
  3360 | Ossuary  | Reached skill level 8 in Stealth
  3732 | Ossuary  | Reached XP level 8. HP: 56/60 MP: 8/8
  3948 | D:4      | Noticed a green death
  3949 | D:4      | Found a burning altar of Makhleb.
  3985 | D:4      | Found a glowing silver altar of Zin.
  3985 | D:4      | Noticed an angel
  4228 | D:4      | Found Aget's Gadget Shoppe.
  4315 | D:4      | Reached skill level 9 in Stealth
  5075 | D:4      | Reached skill level 5 in Dodging
  5514 | D:5      | Entered Level 5 of the Dungeon
  5550 | D:5      | Found a bloodstained altar of Trog.
  6041 | D:5      | Reached skill level 5 in Fighting
  6192 | D:5      | Reached XP level 9. HP: 42/68 MP: 9/9
  6855 | D:6      | Reached skill level 10 in Stealth
  6923 | D:6      | Found a staircase to the Ecumenical Temple.
  7133 | D:6      | Slain by an orc warrior

Skill      XL: |  1  2  3  4  5  6  7  8  9 |
---------------+----------------------------+-----
Fighting       | 2 3 4 5 |  5.4
Stealth        | 6 7 8 9 10 | 10.3
Short Blades   | 3 4 5 6 8 |  8.9
Dodging        | 2 3 4 5 6 |  6.2
Throwing       | |  1.5

Action                   |  1- 3 |  4- 6 |  7- 9 || total
-------------------------+-------+-------+-------++-------
Melee: Dagger            |   118 |    40 |   421 ||   579
       Bite              |     2 |     9 |    45 ||    56
       Unarmed           |       |       |     3 ||     3
 Fire: Blowgun           |       |       |    11 ||    11
 Abil: End Transformatio |     1 |       |     2 ||     3
       Bat Form          |     1 |       |     2 ||     3
  Use: Potion            |       |    13 |     4 ||    17
       Scroll            |       |     1 |     4 ||     5
 Stab: Sleeping          |    15 |     8 |    26 ||    49
       Distracted        |     1 |       |     1 ||     2
Armor: Robe              |    12 |       |       ||    12
       Leather armour    |    13 |    11 |    53 ||    77
Dodge: Dodged            |    69 |    21 |   163 ||   253
